AoeStats
← Carple

QS Arena

503035394Analyzed
4v4 RM · 1mo ago on Aug 30, 2026· 9m 27s· 8 players
Game mode
Random Map
Map size
Large (8 player)
Population
200
Speed
Normal
Resources
Standard
Victory
Conquest
Starting age
Dark Age
Ending age
Imperial Age
RankedLock teamsTeams togetherTeam positionsShared explorationLock speedFull tech treeHidden civsTurbo modeCheats
Victory
Defeat
🇺🇸 Britons · United States
1117
+13
🇺🇸 Bohemians · United States
1102
+14
🇺🇸 Romans · United States
1102
+14
🇺🇸 Lithuanians · United States
1032
+17
🇨🇳 Goths · China
1109
-17
🇨🇳 Cumans · China
1070
-15
🇨🇦 Spanish · Canada
1053
-14
🇺🇸 Jurchens · United States
991
-12
Carple
8:09 Feudal Age
sengfan
7:32 Feudal Age
平A流
0:59 Loom
9:46 Feudal Age
陈先锋
8:09 Feudal Age
Southern Knight
VadersSon2004
8:29 Feudal Age
9:40 Double-Bit Axe
ITHero1
6:44 Loom
NITRO_OF_THE_OLD_DOMINION
8:23 Feudal Age
Connection lost

Rejoining the realm…

Still unreachable

The connection could not be restored.

Session expired

The server has moved on; the page needs a fresh start.